 Dungeon Crawl Stone Soup version 0.31-a0-1338-gb567cfdca4 (webtiles) character file.

Game seed: 6265680419898813111

579 grandjackal the Trooper (level 7, 0/76 HPs)
             Began as an Oni Warper on Dec 22, 2023.
             Was an Initiate of Ashenzari.
             Slain by an ice beast (3 damage)
             ... on level 5 of the Dungeon.
             The game lasted 00:05:31 (4530 turns).

grandjackal the Trooper (Oni Warper)                Turns: 4530, Time: 00:05:32

Health: 0/76       AC:  3    Str: 16    XL:     7   Next: 36%
Magic:  14/14      EV:  9    Int: 16    God:    Ashenzari [......]
Gold:   220        SH:  0    Dex:  8    Spells: 5/16 levels left

rFire   . . .        f - +0 flail
rCold   . . .        (no shield)
rNeg    . . .        b - +0 robe
rPois   .            (helmet restricted)
rElec   .            (no cloak)
rCorr   .            (gloves unavailable)
SInv    .            (boots unavailable)
Will    .....        (no amulet)
Stlth   +            (no ring)
HPRegen 0.32/turn    (no ring)
MPRegen 0.14/turn

%: no passive effects
@: no status effects
A: drunken brawling, large, unfitting armour, horns 1, tough skin 1, double
potion healing
a: Renounce Religion


You were on level 5 of the Dungeon.
You worshipped Ashenzari.
Ashenzari was noncommittal.
You visited 1 branch of the dungeon, and saw 5 of its levels.

You collected 220 gold pieces.

Inventory:

Hand Weapons
 f - a +0 flail (weapon)
Missiles
 d - 7 darts of dispersal (quivered)
Armour
 b - a +0 robe (worn)
Scrolls
 a - a scroll of fear
 c - a scroll of blinking
 e - a scroll of noise {unknown}
 g - 2 scrolls of revelation
 h - 3 scrolls of teleportation
 i - a scroll of vulnerability
 j - 3 scrolls of enchant weapon
 l - a scroll of immolation {unknown}
 m - a scroll of poison
 n - a scroll of enchant armour {unknown}
Potions
 k - a potion of berserk rage
 o - a potion of curing {unknown}


   Skills:
 + Level 6.3 Fighting
 - Level 2.2 Maces & Flails
 - Level 1.0 Throwing
 - Level 2.1 Dodging
 + Level 5.3 Spellcasting
 + Level 4.7 Translocations


You had 5 spell levels left.
You knew the following spells:

 Your Spells              Type           Power      Damage    Failure   Level
a - Blink                 Tloc           38%        N/A       3%          2
b - Lesser Beckoning      Tloc           38%        N/A       3%          2
c - Teleport Other        Tloc           19%        N/A       6%          3
d - Manifold Assault      Tloc           19%        N/A       21%         4

Your spell library contained the following spells:

 Spells                   Type           Power      Damage    Failure   Level
 Ensorcelled Hibernation  Hex/Ice        8%         N/A       22%         2
 Passwall                 Alch/Erth      3%         N/A       22%         2
 Swiftness                Air            4%         N/A       41%         3
 Vhi's Electric Charge    Tloc/Air       22%        N/A       50%         4


Dungeon Overview and Level Annotations

Branches:
Dungeon (5/15)
 Temple: D:4-7

Altars:
Ashenzari
Cheibriados
Vehumet

Annotations:
D:3 Grinder


Innate Abilities, Weirdness & Mutations

Whenever you drink a potion that restores your health or magic, you attack all enemies around you.
You are too large for most types of armour.
You have a pair of small horns on your head.
You have tough skin. (AC +1)
Whenever you drink a potion that restores your health or magic, it restores twice as much.


Message History

The ice beast is moderately wounded.
The ice beast hits you. The ice beast freezes you!
You hit the ice beast but do no damage.
The ice beast is moderately wounded.
The ice beast barely misses you.
You hit the ice beast.
The ice beast is heavily wounded.
The ice beast misses you.
The ice beast hits you but does no damage.
You hit the ice beast but do no damage.
The ice beast is heavily wounded.
The ice beast hits you. The ice beast freezes you.
You hit the ice beast.
The ice beast is severely wounded.
The ice beast hits you. The ice beast freezes you!
You hit the ice beast but do no damage.
The ice beast is severely wounded.
The ice beast barely misses you. The ice beast hits you.
The ice beast freezes you!
* * * LOW HITPOINT WARNING * * *
You barely miss the ice beast.
You headbutt the ice beast, but do no damage.
The ice beast is severely wounded.
The ice beast hits you but does no damage.
You closely miss the ice beast.
The ice beast is severely wounded.
The ice beast hits you but does no damage.
You closely miss the ice beast. Your headbutt misses the ice beast.
The ice beast is severely wounded.
The ice beast misses you. The ice beast closely misses you.
You sock the ice beast!
The ice beast is almost dead.
The ice beast hits you.
* * * LOW HITPOINT WARNING * * *
The ice beast freezes you!
* * * LOW HITPOINT WARNING * * *
You barely miss the ice beast.
The ice beast is almost dead.
The ice beast hits you.
You die...

###############
#.............#
#
#.###########.#
# #.# #.####
#.# #..... #.#
####.# #.#
.#####... #.#
.......#. #@#
#####... #Y#
##.# ... #.#
.#.## #.# .....
#.# .. ..# ##.#
... ...
#####... .#.
...# ......(#.
.#####...


You could see an ice beast.

Vanquished Creatures
  Sigmund (D:2)
  A black bear (D:4)
  A scorpion (D:4)
  3 hounds
  An orc wizard (D:3)
  A mummy (D:4)
  2 gnolls (D:4)
  3 adders (D:4)
  2 ufetubi (D:5)
  A dart slug (D:4)
  9 orcs
  9 ball pythons
  4 bats
  5 endoplasms (D:1)
  5 giant cockroaches
  4 goblins
  11 hobgoblins
  A quokka (D:4)
  2 frilled lizards (D:1)
  4 kobolds
  3 rats (D:1)
73 creatures vanquished.

Vanquished Creatures (others)
  An orc (D:3)
1 creature vanquished.

Grand Total: 74 creatures vanquished

Notes
Turn   | Place    | Note
-------+----------+-------------------------------------------
     0 | D:1      | grandjackal the Oni Warper began the quest for the Orb.
     0 | D:1      | Reached XP level 1. HP: 22/22 MP: 3/3
    99 | D:1      | Reached skill level 3 in Fighting
    99 | D:1      | Reached XP level 2. HP: 29/31 MP: 5/5
   457 | D:1      | Reached XP level 3. HP: 37/37 MP: 7/7
   863 | D:1      | Learned a level 2 spell: Blink
   866 | D:1      | Learned a level 2 spell: Lesser Beckoning
  1090 | D:2      | Found a faded altar of an unknown god.
  1140 | D:2      | Noticed Sigmund
  1159 | D:2      | Killed Sigmund
  1160 | D:2      | Reached skill level 4 in Fighting
  1160 | D:2      | Reached XP level 4. HP: 40/49 MP: 7/10
  1160 | D:2      | Reached XP level 5. HP: 45/55 MP: 7/11
  1315 | D:2      | Reached skill level 5 in Fighting
  1462 | D:2      | Learned a level 3 spell: Teleport Other
  1467 | D:2      | Learned a level 4 spell: Manifold Assault
  1723 | D:3      | Reached XP level 6. HP: 63/66 MP: 12/12
  1744 | D:3      | Found a radiant altar of Vehumet.
  2057 | D:3      | Noticed Grinder
  2061 | D:3      | Paralysed by Grinder for 2 turns
  2068 | D:3      | Paralysed by Grinder for 2 turns
  2535 | D:4      | Found a broken altar of Ashenzari.
  2554 | D:4      | Became a worshipper of Ashenzari the Shackled
  2831 | D:4      | Noticed a black bear
  3241 | D:4      | Noticed a black bear
  3252 | D:4      | Killed a black bear
  3253 | D:4      | Reached skill level 6 in Fighting
  3253 | D:4      | Reached skill level 5 in Spellcasting
  3253 | D:4      | Reached XP level 7. HP: 17/75 MP: 14/14
  3528 | D:4      | Found a snail-covered altar of Cheibriados.
  3947 | D:5      | Entered Level 5 of the Dungeon
  4529 | D:5      | HP: 3/76 [ice beast (13)]
  4530 | D:5      | Slain by an ice beast

Illustrated notes

Levels and vault maps discovered:
D:1:      mrwooster_arrival_arrow, layout_loops_ring, minmay_vboxes
D:2:      layout_rooms, ebering_ecumenical_altar_box, minmay_stone_trees_medium,
          uniq_sigmund
D:3:      layout_basic, mainiacjoe_overflow_chevrons, uniq_grinder
D:4:      layout_basic, slow_altar_1, mainiacjoe_overflow_paths
D:5:      layout_loops_ring, kennysheep_mini_moat,
          minmay_temple_entry_junction_2, minmay_misc_feat_tower

Skill      XL: |  1  2  3  4  5  6 |
---------------+-------------------+-----
Fighting       | 3 4 5 6 |  6.3
Translocations | 3 4 |  4.7
Spellcasting   | 4 5 |  5.3
Maces & Flails | |  2.2
Throwing       | |  1.0
Dodging        | |  2.1

Action                     |  1- 3 |  4- 6 |  7- 9 || total
---------------------------+-------+-------+-------++-------
  Melee: Mace              |    85 |    42 |       ||   127
         Headbutt          |    10 |    23 |     7 ||    40
         Punch             |     1 |     1 |       ||     2
         Flail             |       |   109 |    63 ||   172
   Cast: Blink             |     1 |     1 |       ||     2
    Use: Potion            |     1 |     4 |       ||     5
         Scroll            |       |     7 |       ||     7
 Armour: Robe              |    61 |   151 |    84 ||   296
  Dodge: Dodged            |    33 |    90 |    57 ||   180

Table legend: (Time is in decaauts)
 A = Elapsed time spent in this place.
 B = Non-inter-level travel time spent in this place.
 C = Inter-level travel time spent in this place.
 D = Time resting spent in this place.
 E = Time spent auto-exploring this place.
 F = Levels seen in this place.
 G = Mean time per level.
                   A        B        C        D        E       F      G
               +--------+--------+--------+--------+--------+-----+--------+
         Total |   4631 |   4463 |    168 |   1398 |   2038 |   5 |  926.2 |
       Dungeon |   4631 |   4463 |    168 |   1398 |   2038 |   5 |  926.2 |
               +--------+--------+--------+--------+--------+-----+--------+

Top non-repeatable levels by time:
     D:4: 1907 daAuts
     D:2: 971 daAuts
     D:1: 910 daAuts
     D:3: 487 daAuts
     D:5: 354 daAuts
